 Dungeon Crawl Stone Soup version 0.27-a0-1101-ge311f74bc8 (webtiles) character file.

Game seed: 16072408484107533642

271 Umoon the Shield-Bearer (level 6, -9/48 HPs)
             Began as a Demonspawn Fighter on Apr 28, 2021.
             Killed by divine providence
             ... invoked by an orc priest
              (10 damage)
             ... on level 4 of the Dungeon.
             The game lasted 00:03:52 (3749 turns).

Umoon the Shield-Bearer (Demonspawn Fighter)        Turns: 3749, Time: 00:03:53

Health: -9/48      AC: 11    Str: 18    XL:     6   Next: 2%
Magic:  6/6        EV:  5    Int: 10    God:
Gold:   98         SH: 13    Dex: 12    Spells: 5/5 levels left

rFire    . . .     SeeInvis .     - Unarmed
rCold    + . .     Faith    .   c - +0 kite shield
rNeg     . . .     Spirit   .   p - +0 chain mail
rPois    .         Reflect  .   k - +1 helmet
rElec    .         Harm     .   (no cloak)
rCorr    .         Rampage  .   (no gloves)
Will     .....                  (no boots)
Stlth    ..........             (no amulet)
HPRegen  0.16/turn              i - ring of protection from cold
MPRegen  0.10/turn              q - ring of wizardry

@: no status effects
A: claws 2, large bone plates 1, demonic guardian 1, powered by pain 1
a: no special abilities


You were on level 4 of the Dungeon.
You visited 1 branch of the dungeon, and saw 4 of its levels.

You collected 98 gold pieces.

Inventory:

Hand Weapons
 a - a +0 war axe
Armour
 b - a +0 scale mail
 c - a +0 kite shield (worn)
 k - a +1 helmet (worn)
 p - a +0 chain mail (worn)
Jewellery
 i - a ring of protection from cold (left claw)
 q - a ring of wizardry (right claw)
Scrolls
 f - 2 scrolls of enchant armour {unknown}
 j - a scroll of acquirement {unknown}
 m - a scroll of amnesia {unknown}
 n - a scroll of fog {unknown}
 o - a scroll of identify {unknown}
Potions
 d - 2 potions of might
 e - 2 potions of resistance {unknown}
 g - 2 potions of lignification {unknown}
 h - a potion of heal wounds {unknown}
 l - a potion of curing {unknown}


   Skills:
 + Level 3.8 Fighting
 - Level 1.9 Axes
 + Level 3.5 Armour
 * Level 4.1 Shields
 * Level 2.8 Unarmed Combat


You had 5 spell levels left.
You didn't know any spells.
Your spell library was empty.

Dungeon Overview and Level Annotations

Branches:
Dungeon (4/15)
 Temple: D:4-7

Altars:


Innate Abilities, Weirdness & Mutations

You have very sharp fingernails.
You are partially covered in large bone plates. (SH +4)
A weak demonic guardian rushes to your aid.
You sometimes gain a little power by taking damage.


Message History

There is a stone staircase leading down here.
You climb downwards.
You hear the hiss of flowing sand.
There is an entrance to an ossuary on this level.
Hurry and find it before the portal is buried!
You hear the rapid hiss of a distant avalanche of sand.
You block the orc's attack. The orc hits you with a +0 falchion.
There is a stone staircase leading up, spattered with blood here.
You closely miss the orc. You block the orc's attack.
You scratch the orc but do no damage. The orc hits you but does no damage.
You scratch the orc.
The orc is almost dead.
The orc hits you with a +0 falchion.
A demonic guardian appears!
You claw the orc!
You kill the orc!
The orc priest calls down the wrath of Beogh upon you.
Pain shoots through your body!
A gnoll comes into view. It is wielding a +0 flail.
The orc priest hits you with a +0 flail.
Things that are here:
a +0 falchion; a +0 leather armour; an orc corpse You scratch the orc priest but do no damage.
The orc priest hits you with a +0 flail.
You barely miss the orc priest.
The orc priest hits you but does no damage.
You closely miss the orc priest.
The orc priest calls down the wrath of Beogh upon you.
Beogh smites you!
* * * LOW HITPOINT WARNING * * *
You closely miss the orc priest. You block the orc priest's attack.
You swap places.
The gnoll hits your iron imp with a +0 flail.
The orc priest calls down the wrath of Beogh upon you.
Beogh smites you!
* * * LOW HITPOINT WARNING * * *
There is a stone staircase leading up, spattered with blood here.
Unknown command.
The gnoll hits your iron imp with a +0 flail.
The orc priest invokes the aid of Beogh against you.
Beogh smites you!
You die...

#.. ##.####
##..... ##.....#
#......# #
#.##...##.#
..#####.##...(..#
#......[.....####
#######.##.#@#
#.##.#5#
#######....go#
#........#.###
#.######.#.#
#o#.# #.#..
?.....os....s.#
.......#.#...##


You could see an orc priest (ally target), a gnoll and a friendly iron imp
(summoned).

Vanquished Creatures
  A scorpion (D:3)
  A water moccasin skeleton (D:4)
  An orc priest (D:3)
  A gnoll (D:1)
  4 adders
  2 worms (D:2)
  3 dart slugs
  2 orcs
  4 bats
  3 endoplasms
  5 giant cockroaches
  4 goblins
  5 hobgoblins
  19 jackals
  7 kobolds
  4 quokkas
  3 ball pythons
  3 frilled lizards
  3 rats
75 creatures vanquished.

Notes
Turn   | Place    | Note
-------+----------+-------------------------------------------
     0 | D:1      | Umoon the Demonspawn Fighter began the quest for the Orb.
     0 | D:1      | Reached XP level 1. HP: 18/18 MP: 1/1
   124 | D:1      | Gained mutation: You have sharp fingernails. [demonic
                  | ancestry]
   124 | D:1      | Reached XP level 2. HP: 5/24 MP: 2/2
   382 | D:1      | Reached skill level 3 in Shields
   684 | D:1      | Gained mutation: You have very sharp fingernails. [demonic
                  | ancestry]
   684 | D:1      | Reached XP level 3. HP: 11/29 MP: 3/3
  1330 | D:2      | Reached skill level 1 in Unarmed Combat
  1587 | D:2      | Gained mutation: You sometimes gain a little power by
                  | taking damage. [demonic ancestry]
  1587 | D:2      | Reached XP level 4. HP: 24/35 MP: 4/4
  3139 | D:4      | Gained mutation: You are partially covered in large bone
                  | plates. (SH +4) [demonic ancestry]
  3139 | D:4      | Reached XP level 5. HP: 34/41 MP: 5/5
  3146 | D:4      | Identified the +2 robe "Pockim" {rN+}
  3314 | D:3      | Reached skill level 4 in Shields
  3388 | D:3      | Gained mutation: A weak demonic guardian rushes to your
                  | aid. [demonic ancestry]
  3388 | D:3      | Reached XP level 6. HP: 8/48 MP: 6/6
  3748 | D:4      | HP: 1/48 [orc priest/divine providence (10)]
  3749 | D:4      | Killed from afar by an orc priest

Illustrated notes

Levels and vault maps discovered:
D:1:      erik_arrival_orb_chamber, layout_basic
D:2:      layout_loops_cross
D:3:      layout_rooms
D:4:      layout_loops_corners, minmay_temple_entry_grid, enter_ossuary_4,
          serial_shops, shop_scrolls, serial_bayou_pond_e, uniq_robin,
          uniq_edmund

Skill      XL: |  1  2  3  4  5 |
---------------+----------------+-----
Shields        | 3 4 |  4.1
Armour         | 3 |  3.5
Unarmed Combat | 1 2 |  2.8
Fighting       | |  3.8
Axes           | |  1.9

Action                   |  1- 3 |  4- 6 || total
-------------------------+-------+-------++-------
Melee: War axe           |    25 |       ||    25
       Unarmed           |   115 |   185 ||   300
Armor: Scale mail        |    72 |    40 ||   112
       Chain mail        |       |    32 ||    32
Dodge: Dodged            |    38 |    39 ||    77
Block: Kite shield       |    96 |    99 ||   195

Table legend: (Time is in decaauts)
 A = Elapsed time spent in this place.
 B = Non-inter-level travel time spent in this place.
 C = Inter-level travel time spent in this place.
 D = Time resting spent in this place.
 E = Time spent auto-exploring this place.
 F = Levels seen in this place.
 G = Mean time per level.
                   A        B        C        D        E       F      G
               +--------+--------+--------+--------+--------+-----+--------+
         Total |   3827 |   3777 |     50 |   1341 |   1792 |   4 |  956.8 |
       Dungeon |   3827 |   3777 |     50 |   1341 |   1792 |   4 |  956.8 |
               +--------+--------+--------+--------+--------+-----+--------+

Top non-repeatable levels by time:
     D:1: 1350 daAuts
     D:3: 1310 daAuts
     D:2: 1063 daAuts
     D:4: 103 daAuts
